 Dungeon Sprint DCSS version 0.30.1-11-g7821555f0a (webtiles) character file.

Game seed: 11442542157775893134

121 boopmooplesden the Covered (level 4, -7/41 HPs)
             Began as a Demigod Fighter on Oct 28, 2023.
             Mangled by a warg (12 damage)
             ... in the Dungeon (Sprint VII: "The Pits").
             The game lasted 00:00:50 (237 turns).

boopmooplesden the Covered (Demigod Fighter)         Turns: 237, Time: 00:00:50

Health: -7/41      AC:  7    Str: 21    XL:     4   Next: 49%
Magic:  6/6        EV: 10    Int: 10    God:
Gold:   0          SH:  5    Dex: 13    Spells: 3/3 levels left

rFire   . . .        a - +0 war axe
rCold   . . .        c - +0 buckler
rNeg    . . .        b - +0 scale mail
rPois   .            (no helmet)
rElec   .            (no cloak)
rCorr   .            (no gloves)
SInv    .            (no boots)
Will    .....        (no amulet) Stlth
                     (no ring)
HPRegen 0.26/turn    (no ring)
MPRegen 0.10/turn

%: no teleportation
@: no status effects
A: high MP 1, forlorn, divine attributes
a: no special abilities


You were in the Dungeon.
You visited 1 branch

Inventory:

Hand Weapons
 a - a +0 war axe (weapon)
 n - a +2 hand axe
Armour
 b - a +0 scale mail (worn)
 c - a +0 buckler (worn)
Scrolls
 j - a scroll of blinking
 l - 5 scrolls of amnesia
 m - a scroll of butterflies
Potions
 d - a potion of might
 e - a potion of curing
 f - a potion of heal wounds
 g - a potion of haste
 h - 4 potions of magic
 i - 3 potions of berserk rage
 k - 2 potions of invisibility


   Skills:
 + Level 4.7 Fighting
 + Level 4.8 Axes
 + Level 5.4 Armour
 + Level 1.4 Dodging
 + Level 4.5 Shields


You had 3 spell levels left.
You didn't know any spells.
Your spell library was empty.

Dungeon Overview and Level Annotations

Branches:
Dungeon (1/1)


Innate Abilities, Weirdness & Mutations

You have an increased reservoir of magic. (+10% MP)
You shall have no god before yourself.
Your divine heritage dramatically boosts your attributes as you level up.


Message History

The quokka zombie bites you but does no damage.
You barely miss the quokka zombie. You hit the warg but do no damage.
The warg bites you but does no damage. The quokka zombie closely misses you.
The warg closely misses you.
You slash the quokka zombie!
You destroy the quokka zombie!
You closely miss the warg. You block the warg's attack.
You slash the warg!
The warg is moderately wounded.
The warg closely misses you. The warg misses you.
You hit the warg.
The warg is moderately wounded.
The warg bites you but does no damage. You block the warg's attack.
You slash the warg!
The warg is severely wounded.
You block the warg's attack.
You closely miss the warg.
The warg is severely wounded.
The warg bites you! The warg closely misses you.
You hit the warg but do no damage.
The warg is severely wounded.
The warg bites you but does no damage. You block the warg's attack.
You closely miss the warg.
The warg is severely wounded.
You block the warg's attack. x2
You hit the warg.
The warg is severely wounded.
The warg bites you.
You barely miss the warg.
The warg is severely wounded.
The warg closely misses you. The warg bites you but does no damage.
You barely miss the warg.
The warg is severely wounded.
The warg bites you!
You hit the warg.
The warg is almost dead.
The warg bites you!
* * * LOW HITPOINT WARNING * * *
The warg bites you!
You die...

##########'##.........
#.?(.')))'.##......#..
##########.##.........
#..........)'.........
#+#####)#####......#..
#..#...'.##.........
#..#...#.#####'#####
#..#####.##.......#
#..@...#.##.......#
#.h†...).##.......#
#..########...<...#
#.. #.......# #..
#.......# ###
#.......# #########


You could see a warg.

Vanquished Creatures
  A floating eye (D)
  A gnoll (D)
  An adder zombie (D)
  An orc (D)
  A ball python (D)
  A giant cockroach (D)
  A kobold (D)
  A quokka zombie (D)
8 creatures vanquished.

Notes
Turn   | Place    | Note
-------+----------+-------------------------------------------
     0 | D        | boopmooplesden the Demigod Fighter began the quest for the
                  | Orb.
     0 | D        | Reached XP level 1. HP: 18/18 MP: 3/3
    72 | D        | Reached skill level 3 in Armour
    72 | D        | Reached XP level 2. HP: 11/26 MP: 4/4
   220 | D        | Noticed a floating eye
   221 | D        | Noticed a warg
   224 | D        | Killed a floating eye
   225 | D        | Reached skill level 5 in Armour
   225 | D        | Reached skill level 1 in Dodging
   225 | D        | Reached XP level 3. HP: 30/34 MP: 5/5
   225 | D        | Reached XP level 4. HP: 37/41 MP: 6/6
   237 | D        | Mangled by a warg

Illustrated notes

Levels and vault maps discovered:
D:        pitsprint [storerooms_1, entrance_room_1, metal_vault_1, armoury_1,
          mini_pit_1, grid_room_1, main_hall_1, silver_pit, the_coven_3,
          the_vestibule_1, steel_vault_5, golden_pit, hallway_of_sentries,
          crystal_vault_5, iron_vault_1, final_vault]

Skill      XL: |  1  2 |
---------------+-------+-----
Fighting       | 3 4 |  4.7
Axes           | 2 4 |  4.8
Armour         | 3 5 |  5.4
Shields        | 3 4 |  4.5
Dodging        | 1 |  1.4

Action                     |  1- 3 |  4- 6 || total
---------------------------+-------+-------++-------
  Melee: War axe           |    35 |    13 ||    48
 Armour: Scale mail        |    19 |     5 ||    24
  Dodge: Dodged            |     9 |     6 ||    15
  Block: Buckler           |    10 |     7 ||    17
